ORI
UNIVERSITY OF NEBRASKA CORNHUSKERS @ UNIVERSITY OF FLORIDA GATORS
11/27/2049
 
TOP OF THE 1ST
University of Miami Hurricanes batting - Pitching for University of Nebraska Cornhuskers : RHP Chris Brumfiel
Pitching: RHP Chris Brumfiel
Batting: RHB Sam Costello 0-0: Called Strike
0-1: Ball
1-1: Ball
2-1: Swinging Strike
2-2: Ground out 5-3 (Groundball, 56, EV 86.2 MPH)
Batting: RHB C.J. Fleet 0-0: Swinging Strike
0-1: Swinging Strike
0-2: Fly out, F9 (Flyball, 9, EV 93.8 MPH)
Batting: RHB Luis Sanchez 0-0: Ball
1-0: Ground out 3-1 (Groundball, 13, EV 83.1 MPH)
Top of the 1st over - 0 runs, 0 hits, 0 errors, 0 left on base; University of Miami 0 - University of Nebraska 0
BOTTOM OF THE 1ST
University of Nebraska Cornhuskers batting - Pitching for University of Miami Hurricanes : LHP Ryan Hosken
Pitching: LHP Ryan Hosken
Batting: RHB Chris Anthony 0-0: Ball
1-0: Foul Ball, location: 2F
1-1: Ground out 5-3 (Groundball, 56S, EV 85.6 MPH)
Batting: RHB Zion Jones 0-0: Fly out, F9 (Flyball, 9, EV 90.0 MPH)
Batting: SHB Gary Luckwell 0-0: Ball
1-0: Called Strike
1-1: SINGLE (Line Drive, 5D, EV 95.6 MPH)
Batting: RHB Tariq Garane 0-0: Called Strike
0-1: Ball
1-1: DOUBLE (Flyball, 78XD, EV 111.2 MPH)
Gary Luckwell to third
Runner from 3rd tries for Home, SAFE, no throw by CF
Batting: SHB Kent Worboys 0-0: Swinging Strike
0-1: SINGLE (Groundball, 6MD, EV 95.6 MPH)
Tariq Garane to third
Runner from 3rd tries for Home, SAFE, throw by CF to home
Batting: LHB Lupe Garcia 0-0: Ball
1-0: Foul Ball, location: 2F
1-1: Called Strike
1-2: Ground out 5-3 (Groundball, 56S, EV 92.5 MPH)
Bottom of the 1st over - 2 runs, 3 hits, 0 errors, 1 left on base; University of Miami 0 - University of Nebraska 2
TOP OF THE 2ND
University of Miami Hurricanes batting - Pitching for University of Nebraska Cornhuskers : RHP Chris Brumfiel
Batting: LHB Juan Zuniga 0-0: Fly out, F8 (Line Drive, 8RD, EV 96.2 MPH)
Batting: LHB Dennis Jones 0-0: Called Strike
0-1: Ball
1-1: Ball
2-1: Foul Ball, location: 2F
2-2: Fly out, F3 (Popup, 23F, EV 66.2 MPH)
Batting: SHB Taylor Shelton 0-0: Called Strike
0-1: Foul Ball, location: 2F
0-2: Ball
1-2: Fly out, F9 (Flyball, 89D, EV 94.4 MPH)
Top of the 2nd over - 0 runs, 0 hits, 0 errors, 0 left on base; University of Miami 0 - University of Nebraska 2
BOTTOM OF THE 2ND
University of Nebraska Cornhuskers batting - Pitching for University of Miami Hurricanes : LHP Ryan Hosken
Batting: LHB Avicenna Abdul-Muta'al 0-0: Ball
1-0: Foul Ball, location: 2F
1-1: Ball
2-1: Foul Ball, location: 2F
2-2: Ground out U3 (Groundball, 34S, EV 65.6 MPH)
Batting: RHB Aidan Collet 0-0: Ground out 6-3 (Groundball, 6, EV 94.4 MPH)
Batting: RHB Danny Forbes 0-0: Ball
1-0: Ground out 4-3 (Groundball, 4M, EV 86.9 MPH)
Bottom of the 2nd over - 0 runs, 0 hits, 0 errors, 0 left on base; University of Miami 0 - University of Nebraska 2
TOP OF THE 3RD
University of Miami Hurricanes batting - Pitching for University of Nebraska Cornhuskers : RHP Chris Brumfiel
Batting: LHB Addergoole Kartosuwiryo 0-0: Ball
1-0: Swinging Strike
1-1: Ground out 4-3 (Groundball, 4, EV 85.0 MPH)
Batting: RHB Drew Morgenstern 0-0: SOLO HOME RUN (Flyball, 7D, EV 96.2 MPH), Distance : 381 ft
Batting: LHB Jose Lopez 0-0: Ball
1-0: Foul Ball, location: 2F
1-1: Foul Ball, location: 2F
1-2: Ball
2-2: Foul Ball, location: 2F
2-2: Strikes out looking
Batting: RHB Sam Costello 0-0: Swinging Strike
0-1: Called Strike
0-2: Ground out 6-3 (Groundball, 6, EV 77.5 MPH)
Top of the 3rd over - 1 run, 1 hit, 0 errors, 0 left on base; University of Miami 1 - University of Nebraska 2
BOTTOM OF THE 3RD
University of Nebraska Cornhuskers batting - Pitching for University of Miami Hurricanes : LHP Ryan Hosken
Batting: RHB Chris Anthony 0-0: Called Strike
0-1: SOLO HOME RUN (Flyball, 7LD, EV 98.1 MPH), Distance : 357 ft
Batting: RHB Zion Jones 0-0: Foul Ball, location: 2F
0-1: Reached on error, E4 (Groundball, 4, EV 105.0 MPH)
Batting: SHB Gary Luckwell 0-0: Called Strike
0-1: Ball
1-1: Fly out, F9 (Flyball, 9D, EV 85.0 MPH)
Runner from 2nd tags up, SAFE at 3rd, no throw by RF
Batting: RHB Tariq Garane 0-0: Ground out 5-3 (Groundball, 56, EV 77.5 MPH)
Zion Jones scores
Batting: SHB Kent Worboys 0-0: Ball
1-0: Called Strike
1-1: Called Strike
1-2: Reached on error, E6 (Groundball, 6M, EV 83.1 MPH)
Batting: LHB Lupe Garcia 0-0: Ball
1-0: Foul Ball, location: 2F
1-1: Foul Ball, location: 2F
1-2: Ball
2-2: Ball
3-2: SINGLE (Groundball, 6D, EV 106.2 MPH)
Kent Worboys to second
Kent Worboys to third
Batting: LHB Avicenna Abdul-Muta'al 0-0: Swinging Strike
0-1: Ball
1-1: Foul Ball, location: 2F
1-2: Fly out, F5 (Popup, 5L, EV 75.0 MPH)
Bottom of the 3rd over - 2 runs, 2 hits, 2 errors, 2 left on base; University of Miami 1 - University of Nebraska 4
TOP OF THE 4TH
University of Miami Hurricanes batting - Pitching for University of Nebraska Cornhuskers : RHP Chris Brumfiel
Batting: RHB C.J. Fleet 0-0: Ball
1-0: Called Strike
1-1: Fly out, F8 (Flyball, 78S, EV 83.8 MPH)
Batting: RHB Luis Sanchez 0-0: Foul Ball, location: 2F
0-1: Ball
1-1: Swinging Strike
1-2: Strikes out swinging
Batting: LHB Juan Zuniga 0-0: Ball
1-0: Fly out, F9 (Flyball, 89D, EV 87.5 MPH)
Top of the 4th over - 0 runs, 0 hits, 0 errors, 0 left on base; University of Miami 1 - University of Nebraska 4
BOTTOM OF THE 4TH
University of Nebraska Cornhuskers batting - Pitching for University of Miami Hurricanes : LHP Ryan Hosken
Batting: RHB Aidan Collet 0-0: Called Strike
0-1: Swinging Strike
0-2: Ground out 6-3 (Groundball, 56, EV 82.5 MPH)
Batting: RHB Danny Forbes 0-0: Called Strike
0-1: Foul Ball, location: 2F
0-2: Ball
1-2: Ball
2-2: Ball
3-2: Foul Ball, location: 2F
3-2: Fly out, F8 (Flyball, 8LM, EV 92.5 MPH)
Batting: RHB Chris Anthony 0-0: Ball
1-0: Ball
2-0: Fly out, F7 (Flyball, 7, EV 90.6 MPH)
Bottom of the 4th over - 0 runs, 0 hits, 0 errors, 0 left on base; University of Miami 1 - University of Nebraska 4
TOP OF THE 5TH
University of Miami Hurricanes batting - Pitching for University of Nebraska Cornhuskers : RHP Chris Brumfiel
Batting: LHB Dennis Jones 0-0: Foul Ball, location: 2F
0-1: Ball
1-1: Ball
2-1: Foul Ball, location: 2F
2-2: Ball
3-2: Ground out 1-3 (Groundball, P, EV 73.1 MPH)
Batting: SHB Taylor Shelton 0-0: Called Strike
0-1: SINGLE (Line Drive, 6D, EV 95.6 MPH)
Batting: LHB Addergoole Kartosuwiryo 0-0: Called Strike
Taylor Shelton steals 2nd base
0-1: Ground out 4-3 (Groundball, 34, EV 84.4 MPH)
Taylor Shelton to third
Batting: RHB Drew Morgenstern 0-0: Called Strike
0-1: Called Strike
0-2: Ball
1-2: Ball
2-2: Ball
3-2: Ground out U3 (Groundball, 34, EV 105.0 MPH)
Top of the 5th over - 0 runs, 1 hit, 0 errors, 1 left on base; University of Miami 1 - University of Nebraska 4
BOTTOM OF THE 5TH
University of Nebraska Cornhuskers batting - Pitching for University of Miami Hurricanes : LHP Ryan Hosken
Batting: RHB Zion Jones 0-0: Foul Ball, location: 2F
0-1: Called Strike
0-2: Ball
1-2: Strikes out swinging
Batting: SHB Gary Luckwell 0-0: Called Strike
0-1: Ball
1-1: Ground out 6-3 (Groundball, 6, EV 87.5 MPH)
Batting: RHB Tariq Garane 0-0: Ball
1-0: Ball
2-0: Ball
3-0: Called Strike
3-1: Foul Ball, location: 2F
3-2: Foul Ball, location: 2F
3-2: Strikes out swinging
Bottom of the 5th over - 0 runs, 0 hits, 0 errors, 0 left on base; University of Miami 1 - University of Nebraska 4
TOP OF THE 6TH
University of Miami Hurricanes batting - Pitching for University of Nebraska Cornhuskers : RHP Chris Brumfiel
Batting: LHB Jose Lopez 0-0: Foul Ball, location: 2F
0-1: Foul Ball, location: 2F
0-2: Strikes out looking
Batting: RHB Sam Costello 0-0: Ball
1-0: Called Strike
1-1: Foul Ball, location: 2F
1-2: Foul Ball, location: 2F
1-2: Ball
2-2: Ball
3-2: Ground out 6-3 (Groundball, 6, EV 92.5 MPH)
Batting: RHB C.J. Fleet 0-0: Fly out, F9 (Flyball, 89M, EV 83.8 MPH)
Top of the 6th over - 0 runs, 0 hits, 0 errors, 0 left on base; University of Miami 1 - University of Nebraska 4
BOTTOM OF THE 6TH
University of Nebraska Cornhuskers batting - Pitching for University of Miami Hurricanes : LHP Ryan Hosken
Pitching: RHP Ernie Zepeda
Batting: SHB Kent Worboys 0-0: Ball
1-0: Swinging Strike
1-1: Called Strike
1-2: Ground out 5-3 (Groundball, 5, EV 88.1 MPH)
Batting: LHB Lupe Garcia 0-0: Ball
1-0: Called Strike
1-1: Ground out U3 (Groundball, 3L, EV 81.2 MPH)
Batting: LHB Avicenna Abdul-Muta'al 0-0: Ball
1-0: Swinging Strike
1-1: Ball
2-1: Swinging Strike
2-2: Foul Ball, location: 2F
2-2: Ball
3-2: Strikes out swinging
Bottom of the 6th over - 0 runs, 0 hits, 0 errors, 0 left on base; University of Miami 1 - University of Nebraska 4
TOP OF THE 7TH
University of Miami Hurricanes batting - Pitching for University of Nebraska Cornhuskers : RHP Chris Brumfiel
Batting: RHB Luis Sanchez 0-0: Swinging Strike
0-1: Called Strike
0-2: Ball
1-2: Strikes out swinging
Batting: LHB Juan Zuniga 0-0: Ball
1-0: SINGLE (Groundball, 25, EV 65.6 MPH) (infield hit)
Pitching: LHP Nate Wood
Batting: LHB Dennis Jones 0-0: Ball
1-0: Called Strike
1-1: Foul Ball, location: 2F
1-2: Ball
2-2: Foul Ball, location: 2F
2-2: 2-RUN HOME RUN (Flyball, 78XD, EV 108.8 MPH), Distance : 417 ft
Batting: SHB Taylor Shelton 0-0: Called Strike
0-1: Fly out, F8 (Flyball, 89D, EV 95.6 MPH)
Batting: LHB Addergoole Kartosuwiryo 0-0: Ball
1-0: Foul Ball, location: 2F
1-1: Ball
2-1: Foul Ball, location: 2F
2-2: Strikes out swinging
Top of the 7th over - 2 runs, 2 hits, 0 errors, 0 left on base; University of Miami 3 - University of Nebraska 4
BOTTOM OF THE 7TH
University of Nebraska Cornhuskers batting - Pitching for University of Miami Hurricanes : RHP Ernie Zepeda
Pitching: RHP Terry Johnson
Batting: RHB Aidan Collet 0-0: Called Strike
0-1: Ball
1-1: Ball
2-1: Foul Ball, location: 2F
2-2: Foul Ball, location: 2F
2-2: Ground out 5-3 (Groundball, 56, EV 86.2 MPH)
Batting: RHB Danny Forbes 0-0: Ball
1-0: Called Strike
1-1: Swinging Strike
1-2: SINGLE (Groundball, 56D, EV 101.9 MPH)
Batting: RHB Chris Anthony 0-0: SINGLE (Line Drive, 78S, EV 100.0 MPH)
Danny Forbes to second
Batting: RHB Zion Jones 0-0: Fly out, F8 (Flyball, 8LD, EV 89.4 MPH)
Batting: SHB Gary Luckwell 0-0: Called Strike
0-1: Called Strike
0-2: SINGLE (Groundball, 34D, EV 94.4 MPH)
Danny Forbes to third
Chris Anthony to second
Runner from 3rd tries for Home, SAFE, throw by RF to home
Batting: RHB Tariq Garane 0-0: Swinging Strike
0-1: Fielders Choice at 2nd, 6-4 (Groundball, 6, EV 81.9 MPH)
Bottom of the 7th over - 1 run, 3 hits, 0 errors, 2 left on base; University of Miami 3 - University of Nebraska 5
TOP OF THE 8TH
University of Miami Hurricanes batting - Pitching for University of Nebraska Cornhuskers : LHP Nate Wood
Pitching: RHP Antonino Charno
Batting: RHB Drew Morgenstern 0-0: SINGLE (Groundball, 56, EV 101.2 MPH) (infield hit)
Batting: LHB Jose Lopez 0-0: Ball
1-0: Ball
2-0: Ball
3-0: Called Strike
3-1: Foul Ball, location: 2F
3-2: Grounds into double play, 4-6-3 (Groundball, 4, EV 82.5 MPH)
Batting: RHB Sam Costello 0-0: SINGLE (Line Drive, 7LS, EV 90.6 MPH)
Pinch Hitting: RHB Leonardo Morales 0-0: Ball
1-0: Ball
2-0: Foul Ball, location: 2F
2-1: Called Strike
2-2: Strikes out swinging
Top of the 8th over - 0 runs, 2 hits, 0 errors, 1 left on base; University of Miami 3 - University of Nebraska 5
BOTTOM OF THE 8TH
University of Nebraska Cornhuskers batting - Pitching for University of Miami Hurricanes : RHP Terry Johnson
Now at SS: Tu Vo
Batting: SHB Kent Worboys 0-0: Ball
1-0: Ball
2-0: Foul Ball, location: 2F
2-1: Fly out, F8 (Flyball, 8LM, EV 95.0 MPH)
Batting: LHB Lupe Garcia 0-0: Swinging Strike
0-1: Foul Ball, location: 2F
0-2: Foul Ball, location: 2F
0-2: Ball
1-2: Ball
2-2: Ground out 5-3 (Groundball, 5, EV 78.1 MPH)
Batting: LHB Avicenna Abdul-Muta'al 0-0: Ground out 1-3 (Groundball, 13S, EV 77.5 MPH)
Bottom of the 8th over - 0 runs, 0 hits, 0 errors, 0 left on base; University of Miami 3 - University of Nebraska 5
TOP OF THE 9TH
University of Miami Hurricanes batting - Pitching for University of Nebraska Cornhuskers : RHP Antonino Charno
Pitching: RHP Jason Kelly
Pinch Hitting: RHB Justin Jackson 0-0: Ball
1-0: Foul Ball, location: 2F
1-1: Ball
2-1: Ball
3-1: Base on Balls
Batting: LHB Juan Zuniga 0-0: Reached on error, E6 (Groundball, 6, EV 107.5 MPH)
Justin Jackson to second
Batting: LHB Dennis Jones 0-0: Foul Ball, location: 2F
0-1: Foul Ball, location: 2F
0-2: Strikes out swinging
Batting: SHB Taylor Shelton 0-0: Swinging Strike
0-1: Fly out, F8 (Flyball, 8RS, EV 89.4 MPH)
Batting: LHB Addergoole Kartosuwiryo 0-0: Foul Ball, location: 2F
0-1: Ball
1-1: Ball
2-1: Foul Ball, location: 2F
2-2: DOUBLE (Flyball, 8LD, EV 93.8 MPH)
Justin Jackson scores
Juan Zuniga to third
Runner from 3rd tries for Home, SAFE, no throw by CF
Batting: RHB Drew Morgenstern 0-0: Intentional Walk
Batting: LHB Jose Lopez 0-0: Called Strike
0-1: Called Strike
0-2: Foul Ball, location: 2F
0-2: Ball
1-2: Ball
2-2: Foul Ball, location: 2F
2-2: Fly out, F6 (Popup, 6D, EV 44.4 MPH)
Top of the 9th over - 2 runs, 1 hit, 1 error, 2 left on base; University of Miami 5 - University of Nebraska 5
BOTTOM OF THE 9TH
University of Nebraska Cornhuskers batting - Pitching for University of Miami Hurricanes : RHP Terry Johnson
Now at 1B: Justin Jackson
Batting: RHB Aidan Collet 0-0: Called Strike
0-1: Ball
1-1: Ball
2-1: Ball
3-1: Base on Balls
Batting: RHB Danny Forbes 0-0: Ball
1-0: SINGLE (Line Drive, 6M, EV 96.9 MPH)
Aidan Collet to second
Pinch Hitting: RHB Salvador Guillen 0-0: Ball
1-0: Fielders Choice at 2nd, 3-6 (Groundball, 3S, EV 86.2 MPH)
Aidan Collet to third
Batting: RHB Zion Jones 0-0: Foul Ball, location: 2F
0-1: Ball
1-1: Bunted foul
1-2: Ball
Wild Pitch!
Aidan Collet scores
Bottom of the 9th over - 1 run, 1 hit, 0 errors, 1 left on base; University of Miami 5 - University of Nebraska 6
Sunday, July 16th , 2023 - OOTP Baseball 24.6 Build 69